AoeStats
← Caduzera

Arena

506499178Analyzed
4v4 RM · 18d ago on Sep 13, 2026· 72m 19s· 8 players
Game mode
Random Map
Map size
Large (8 player)
Population
200
Speed
Normal
Resources
Standard
Victory
Conquest
Starting age
Dark Age
Ending age
Imperial Age
RankedLock teamsTeams togetherTeam positionsShared explorationLock speedFull tech treeHidden civsTurbo modeCheats
Victory
Defeat
🇧🇷 Britons · Brazil
836
+14
🇦🇷 Huns · Argentina
786
+16
🇦🇷 Teutons · Argentina
783
+16
🇨🇱 Romans · Chile
723
+19
🇨🇴 Byzantines · Colombia
842
-18
🇬🇧 Khitans · United Kingdom
793
-16
🇩🇪 Turks · Germany
771
-16
🇵🇱 Mongols · Poland
753
-15
Caduzera
9:32 Feudal Age
8:55 Loom
9:58 Double-Bit Axe
9:54 Horse Collar
12:07 Gold Mining
16:19 Padded Archer Armor
16:10 Fletching
20:11 Castle Age
19:40 Stone Mining
20:33 Crossbowman
23:15 Bodkin Arrow
31:18 Imperial Age
31:46 Leather Archer Armor
35:52 Bow Saw
38:59 Chemistry
39:54 Elite Longbowman
40:01 Elite Longbowman
41:03 Yeomen
41:56 Ballistics
54:15 Caravan
54:58 Town Watch
55:49 Wheelbarrow
56:00 Gold Shaft Mining
MR
0:26 Loom
11:51 Feudal Age
17:16 Castle Age
16:10 Double-Bit Axe
16:36 Horse Collar
17:36 Wheelbarrow
26:40 Scale Barding Armor
26:46 Forging
27:07 Scale Mail Armor
26:46 Man-at-Arms
28:58 Chain Barding Armor
29:14 Iron Casting
29:02 Chain Barding Armor
28:05 Long Swordsman
29:59 Light Cavalry
30:49 Bloodlines
36:43 Imperial Age
35:23 Pikeman
35:50 Arson
36:06 Squires
37:00 Two-Handed Swordsman
38:36 Halberdier
40:34 Bow Saw
40:27 Heavy Plow
41:20 Chain Mail Armor
42:05 Blast Furnace
41:41 Plate Barding Armor
43:38 Hussar
46:10 Elite Skirmisher
50:23 Two-Man Saw
49:34 Padded Archer Armor
49:25 Fletching
49:57 Ballistics
50:53 Bodkin Arrow
51:14 Leather Archer Armor
51:45 Crossbowman
52:30 Thumb Ring
Butch
4:12 Loom
12:28 Feudal Age
13:06 Horse Collar
13:13 Double-Bit Axe
19:38 Castle Age
18:03 Gold Mining
18:05 Stone Mining
21:12 Wheelbarrow
21:33 Bow Saw
21:25 Heavy Plow
22:03 Gold Shaft Mining
22:18 Hand Cart
26:06 Forging
25:56 Scale Mail Armor
25:40 Man-at-Arms
26:27 Long Swordsman
35:01 Imperial Age
32:41 Ballistas
35:14 Capped Ram
35:31 Legionary
38:01 Iron Casting
37:42 Chain Mail Armor
40:28 Blast Furnace
40:03 Caravan
39:44 Siege Ram
39:48 Heavy Scorpion
44:28 Chemistry
43:49 Ballistics
45:11 Conscription
47:13 Scale Barding Armor
47:31 Comitatenses
50:08 Elite Centurion
braian4400
10:58 Feudal Age
10:37 Loom
17:24 Castle Age
16:07 Man-at-Arms
17:40 Loom
18:21 Squires
18:08 Arson
24:01 Double-Bit Axe
24:18 Gambesons
32:38 Horse Collar
33:29 Scale Mail Armor
34:12 Forging
38:58 Imperial Age
39:08 Chain Mail Armor
39:29 Iron Casting
40:10 Wheelbarrow
40:30 Wheelbarrow
40:13 Pikeman
41:28 Scale Barding Armor
42:24 Blast Furnace
42:31 Chain Barding Armor
41:52 Cavalier
44:15 Bloodlines
45:29 Plate Barding Armor
47:37 Paladin
56:33 Caravan
58:37 Conscription
64:45 Elite Teutonic Knight
66:25 Plate Mail Armor
71:00 Hand Cart
71:02 Heavy Plow
TAZmania
11:26 Feudal Age
12:55 Wheelbarrow
12:07 Double-Bit Axe
12:04 Horse Collar
12:19 Stone Mining
14:45 Loom
21:37 Castle Age
21:10 Fletching
21:32 Forging
21:37 Gold Mining
22:01 Elite Skirmisher
23:02 Hand Cart
25:30 Gold Shaft Mining
28:14 Iron Casting
29:37 Pikeman
30:37 Bow Saw
30:31 Heavy Plow
32:01 Crossbowman
32:47 Thumb Ring
33:59 Bodkin Arrow
37:52 Imperial Age
35:29 Light Cavalry
37:04 Ballistics
36:51 Padded Archer Armor
37:20 Scale Barding Armor
39:38 Arrowslits
40:12 Murder Holes
42:47 Chemistry
41:50 Hussar
42:50 Cavalier
Thorgall
0:35 Loom
15:18 Feudal Age
16:19 Double-Bit Axe
16:19 Horse Collar
20:19 Wheelbarrow
21:44 Castle Age
21:12 Fletching
21:23 Padded Archer Armor
25:02 Hand Cart
25:04 Bow Saw
24:57 Heavy Plow
26:07 Bodkin Arrow
27:27 Gold Mining
27:27 Stone Mining
34:12 Gold Shaft Mining
34:12 Stone Shaft Mining
34:21 Leather Archer Armor
40:58 Imperial Age
38:14 Town Watch
39:11 Light Cavalry
40:02 Bloodlines
39:52 Husbandry
41:13 Hussar
42:34 Forging
42:30 Scale Barding Armor
42:26 Bracer
42:29 Scale Mail Armor
43:00 Conscription
43:05 Drill
42:08 Capped Ram
43:02 Thumb Ring
44:42 Ballistics
44:33 Masonry
46:22 Siege Ram
49:58 Elite Mangudai
51:15 Hoardings
50:42 Nomads
51:16 Onager
53:14 Elite Skirmisher
56:27 Iron Casting
64:18 Heavy Scorpion
66:30 Chain Barding Armor
67:12 Blast Furnace
69:13 Chemistry
sam.pidgeon
8:12 Loom
12:43 Feudal Age
13:39 Double-Bit Axe
13:38 Domestication
21:41 Castle Age
19:55 Scale Barding Armor
20:04 Forging
19:54 Scale Mail Armor
19:51 Gold Mining
21:17 Fletching
21:27 Padded Archer Armor
21:23 Stone Mining
25:09 Town Watch
26:59 Squires
26:21 Man-at-Arms
27:57 Gambesons
29:29 Long Swordsman
31:49 Lamellar Armor
32:08 Husbandry
32:10 Light Cavalry
33:47 Ballistics
33:23 Murder Holes
35:02 Iron Casting
35:17 Wheelbarrow
40:05 Imperial Age
38:32 Pastoralism
42:26 Caravan
43:43 Fortified Wall
43:14 Treadmill Crane
44:18 Hand Cart
45:34 Conscription
45:50 Chain Mail Armor
52:49 Chain Barding Armor
54:10 Bodkin Arrow
54:25 Capped Ram
54:35 Elite Liao Dao
55:29 Siege Ram
55:43 Heavy Camel Rider
60:17 Plate Mail Armor
65:43 Bow Saw
66:23 Elite Steppe Lancer
67:40 Hussar
GreyMuR0
8:19 Loom
11:04 Feudal Age
17:10 Castle Age
15:41 Double-Bit Axe
16:24 Horse Collar
17:56 Stone Mining
18:26 Gold Mining
23:53 Fletching
25:35 Ballistics
33:30 Imperial Age
31:47 Wheelbarrow
32:09 Fortified Wall
32:49 Town Watch
33:20 Hand Cart
33:45 Gold Shaft Mining
33:49 Treadmill Crane
35:08 Conscription
35:05 Artillery
35:11 Arson
37:56 Murder Holes
40:46 Heavy Plow
41:18 Forging
41:09 Scale Mail Armor
41:14 Scale Barding Armor
41:11 Padded Archer Armor
41:07 Bodkin Arrow
41:28 Bow Saw
41:46 Masonry
45:31 Two-Man Saw
46:28 Architecture
46:19 Elite Janissary
47:08 Squires
51:44 Leather Archer Armor
52:05 Iron Casting
51:30 Bracer
51:46 Chain Mail Armor
51:51 Chain Barding Armor
52:59 Hoardings
54:43 Heavy Scorpion
56:29 Plate Mail Armor
58:31 Capped Ram
60:38 Siege Ram
64:00 Bloodlines
63:50 Husbandry
63:14 Cavalier
65:48 Plate Barding Armor
Connection lost

Rejoining the realm…

Still unreachable

The connection could not be restored.

Session expired

The server has moved on; the page needs a fresh start.